 Dungeon Crawl Stone Soup version 0.31-a0-263-ge8cad7f256 (webtiles) character file.

Game seed: 7843912379650585149

58 qw the Shooter (level 4, -3/26 HPs)
             Began as a Gargoyle Hexslinger on July 13, 2023.
             Slain by Sigmund
             ... wielding a +0 scythe
              (8 damage)
             ... on level 2 of the Dungeon.
             The game lasted 00:00:32 (1367 turns).

qw the Shooter (Gargoyle Hexslinger)                Turns: 1367, Time: 00:00:32

Health: -3/26      AC:  6    Str: 11    XL:     4   Next: 1%
Magic:  5/5        EV: 11    Int: 14    God:
Gold:   26         SH:  0    Dex: 14    Spells: 4/5 levels left

rFire   . . .        Y - +1 sling
rCold   . . .        (no shield)
rNeg    + . .        d - +0 leather armour
rPois   inf          (no helmet)
rElec   +            (no cloak)
rCorr   .            (no gloves)
SInv    .            (no boots)
Will    .....        (no amulet)
Stlth   +            (no ring)
HPRegen 0.24/turn    (no ring)
MPRegen 0.09/turn

%: no passive effects
@: no status effects
A: sickness immunity, AC +3, negative energy resistance 1, electricity
resistance, torment resistance 1, petrification resistance
a: no special abilities


You were on level 2 of the Dungeon.
You visited 1 branch of the dungeon, and saw 2 of its levels.

You collected 26 gold pieces.


Innate Abilities, Weirdness & Mutations

You are immune to sickness and miasma.
Your stone body is resilient. (AC +3)
You are immune to poison.
You resist negative energy. (rN+)
You are resistant to electric shocks. (rElec)
You are resistant to unholy torment.
You are immune to petrification.


   Skills:
 - Level 2.0 Fighting
 + Level 3.8 Ranged Weapons
 - Level 1.5 Dodging
 - Level 1.0 Spellcasting
 - Level 2.6 Hexes


You had 4 spell levels left.
You knew the following spells:

 Your Spells              Type           Power      Damage    Failure   Level
a - Slow                  Hex            32%        N/A       12%         1

Your spell library contained the following spells:

 Spells                   Type           Power      Damage    Failure   Level
 Inner Flame              Hex/Fire       4%         N/A       52%         3
 Portal Projectile        Hex/Tloc       8%         N/A       52%         3
 Cause Fear               Hex            4%         N/A       75%         4

Inventory:

Hand Weapons
 Y - a +1 sling (weapon)
Armour
 b - a +0 pair of gloves
 d - a +0 leather armour (worn)
 g - a +0 ring mail
Scrolls
 a - a scroll of identify
Potions
 c - a potion of brilliance {unknown}
 e - a potion of curing {unknown}
 f - a potion of haste {unknown}
 h - a potion of berserk rage {unknown}
 i - a potion of resistance {unknown}

Dungeon Overview and Level Annotations

Branches:
Dungeon (2/15)

Altars:

Annotations:
D:2 Sigmund


Message History

You shoot a sling bullet.
The sling bullet closely misses the hobgoblin.
You shoot a sling bullet.
The sling bullet closely misses the hobgoblin.
Sigmund the Dreaded comes into view.
He is wielding a +0 scythe.
The hobgoblin closely misses you.
You shoot a sling bullet. The sling bullet hits the hobgoblin.
The hobgoblin is heavily wounded.
Sigmund points at you and mumbles some strange words.
You are confused.
The hobgoblin completely misses you.
Sigmund mumbles some strange words.
Sigmund flickers and vanishes!
Deactivating autopickup; reactivate with Ctrl-A.
The hobgoblin misses you.
You hear an angry hiss.
You hear a shout!
An adder comes into view.
The kobold hits you but does no damage.
The hobgoblin hits you but does no damage.
The kobold hits you but does no damage. Something hits you!
The hobgoblin hits you but does no damage.
The kobold hits you with a +3 dagger. The hobgoblin misses you.
Something hits you but does no damage. The kobold hits you with a +3 dagger.
The hobgoblin hits you but does no damage.
The adder closely misses you. The adder closely misses you. Something hits you!
The kobold closely misses you. The hobgoblin closely misses you.
You feel less confused. The adder barely misses you.
A goblin comes into view. It is wielding a +0 dagger.
The hobgoblin closely misses you. The kobold hits you but does no damage.
You shoot a sling bullet. The sling bullet hits the adder.
The adder is moderately wounded.
The adder barely misses you. Something hits you. The adder misses you.
The kobold barely misses you. The hobgoblin barely misses you.
You shoot a sling bullet. The sling bullet hits the adder!
You kill the adder!
The kobold barely misses you. The hobgoblin misses you. Something hits you!
You die...

#.#..###.# ##. ##
#...%...###.# .. #
##.#...###.## #. .##
##.......## # ..
..###.#...###.##
.##.##.
#..#.####.####(#
.....!. #.#.#
#.##.... .>....K##.##
#.##.##. #g@..##
#.##.##. #.%...#
#...%... #.{##.#
###...## #..##.#
#...# ..g.##.#
#####...##
.##..##.####.........
. ...##..............
##..#######.........
#####...##


You could see a hobgoblin, a goblin and a kobold.

Vanquished Creatures
  3 adders (D:2)
  2 worms (D:2)
  4 giant cockroaches
  A goblin (D:1)
  A hobgoblin (D:1)
  4 jackals (D:1)
  4 quokkas
  2 ball pythons
  3 bats
  3 frilled lizards
  5 kobolds
  2 rats (D:1)
34 creatures vanquished.

Notes
Turn   | Place    | Note
-------+----------+-------------------------------------------
     0 | D:1      | qw the Gargoyle Hexslinger began the quest for the Orb.
     0 | D:1      | Reached XP level 1. HP: 12/12 MP: 2/2
     0 | D:1      | 0 ||| qw: Version: 0.3-a-52-g30416fa
     0 | D:1      | 0 ||| qw: Game counter: 7128
     0 | D:1      | 0 ||| qw: Melee chars always use a shield: true
     0 | D:1      | 0 ||| qw: God list: Okawaru
     0 | D:1      | 0 ||| qw: Allow faded altars: false
     0 | D:1      | 0 ||| qw: Do Orc after clearing Dungeon:15 true
     0 | D:1      | 0 ||| qw: Do second Lair branch before Depths: true
     0 | D:1      | 0 ||| qw: Lair rune preference: random
     0 | D:1      | 0 ||| qw: Goals: Normal
     0 | D:1      | 0 ||| PLANNING D:1-11
    90 | D:1      | Reached XP level 2. HP: 16/16 MP: 3/3
    94 | D:1      | 94 ||| UPGRADING to +0 leather armour.
   109 | D:1      | 109 ||| DROPPING +0 robe.
   400 | D:1      | Reached skill level 3 in Ranged Weapons
   943 | D:1      | 943 ||| READING 2 scrolls labelled QENLUO SAUMAIHOB.
   944 | D:1      | 944 ||| READING scroll labelled VOXZUW NUWUAMU.
   945 | D:1      | 945 ||| READING scroll labelled ZYECHI JOL CUQONO.
   946 | D:1      | 946 ||| READING scroll labelled JENNAWNUVEXA.
   947 | D:1      | 947 ||| DROPPING scroll of poison.
   985 | D:2      | Reached XP level 3. HP: 21/21 MP: 4/4
  1354 | D:2      | Reached XP level 4. HP: 26/26 MP: 5/5
  1357 | D:2      | Noticed Sigmund
  1364 | D:2      | HP: 6/26 [something (8)]
  1367 | D:2      | Slain by Sigmund

Levels and vault maps discovered:
D:1:      mushboom_english_gardens, layout_basic, serial_co_window_serial,
          co_window_paths_a, co_window_paths_a, co_window_of_opportunity_a,
          co_window_of_opportunity_a, co_window_corner_a, co_window_corner_b,
          co_window_paths_c, co_window_corner_cb, glass_columns_a,
          glass_columns_a, glass_columns_c, glass_columns_b, glass_columns_b,
          dk_noncrumbling_2
D:2:      layout_loops_cross, uniq_sigmund, uniq_crazy_yiuf_cottage

Skill      XL: |  1  2 |
---------------+-------+-----
Ranged Weapons | 3 |  3.8
Fighting       | 2 |  2.0
Dodging        | |  1.5
Spellcasting   | |  1.0
Hexes          | |  2.6

Action                     |  1- 3 |  4- 6 || total
---------------------------+-------+-------++-------
   Fire: Sling             |   122 |     7 ||   129
    Use: Scroll            |     4 |       ||     4
 Armour: Leather armour    |    17 |     7 ||    24
  Dodge: Dodged            |    39 |    16 ||    55

Table legend:
 A = Non-vault XP
 B = Vault XP
 C = Vault XP percentage of total XP
 D = Non-vault monster count
 E = Vault monster count
 F = Vault count percentage of total count
                 A         B        C        D         E       F
            +---------+---------+-------+---------+---------+-------
      Total |      96 |       0 |   0.0 |      34 |       0 |   0.0
            +---------+---------+-------+---------+---------+-------
        D:1 |      30 |       0 |   0.0 |      18 |       0 |   0.0
        D:2 |      66 |       0 |   0.0 |      16 |       0 |   0.0
            +---------+---------+-------+---------+---------+-------
